 Dungeon Crawl Stone Soup version 0.26-a0-812-g31a745ddcd (webtiles) character file.

Game seed: 17387172817159848767

129994 gainzmaster the Peltast (level 16, -20/163 HPs)
             Began as a Deep Dwarf Fighter on Nov 25, 2020.
             Was the Champion of Makhleb.
             Killed from afar by an eleionoma (43 damage)
             ... with a spray of wooden splinters
             ... on level 3 of the Swamp.
             The game lasted 01:34:57 (21030 turns).

gainzmaster the Peltast (Deep Dwarf Fighter)       Turns: 21030, Time: 01:34:57

Health: -20/163    AC: 27    Str: 29    XL:     16   Next: 52%
Magic:  10/10      EV: 13    Int: 12    God:    Makhleb [******]
Gold:   2926       SH: 16    Dex: 12    Spells: 15/15 levels left

rFire    + + +     SeeInvis .   B - +10 hand axe "Virchor" {vorpal, rF++ rC+ Str+5}
rCold    + . .     Faith    .   I - +0 kite shield
rNeg     + . .     Spirit   .   T - +2 chain mail {rF+}
rPois    .         Reflect  .   u - +2 helmet
rElec    .         Harm     .   g - +2 cloak
rCorr    .         Rampage  .   Z - +2 pair of gloves
MR       ++...                  v - +0 pair of boots
Stlth    ..........             (no amulet)
HPRegen  0.00/turn              O - ring of flight
MPRegen  0.12/turn              w - +4 ring of evasion

@: non-regenerating
A: damage resistance, heal wounds, negative energy resistance 1, sense
surroundings 2, no regeneration
a: Heal Wounds, Minor Destruction, Lesser Servant of Makhleb, Major Destruction,
Greater Servant of Makhleb, Renounce Religion, Evoke Flight


You were on level 3 of the Swamp.
You worshipped Makhleb.
Makhleb was exalted by your worship.
You visited 4 branches of the dungeon, and saw 25 of its levels.
You also visited: Volcano.

You collected 4348 gold pieces.
You spent 1422 gold pieces at shops.

Inventory:

Hand Weapons
 a - a +0 war axe of freezing
 B - the +10 hand axe "Virchor" (weapon) {vorpal, rF++ rC+ Str+5}
   (You found it on level 6 of the Dungeon)

   It inflicts extra damage upon your enemies.
   It affects your strength (+5).
   It greatly protects you from fire.
   It protects you from cold.
 Q - a +2 morningstar of protection
Armour
 b - the cursed +0 pair of gloves of Ceaq {Rampage rElec rN++}
   (You found it on level 13 of the Dungeon)

   It insulates you from electricity.
   It greatly protects you from negative energy.
   It bestows one free step when moving towards enemies.
   It has a curse placed upon it.
 g - a +2 cloak (worn)
 t - the +8 plate armour "Foalepp" {Harm}
   (You bought it in a shop on level 5 of the Dungeon)

   It increases damage dealt and taken.
 u - a +2 helmet (worn)
 v - a +0 pair of boots (worn)
 I - a +0 kite shield (worn)
 L - +0 swamp dragon scales
 S - a +1 plate armour of fire resistance
 T - a +2 chain mail of fire resistance (worn)
 Z - a +2 pair of gloves (worn)
Jewellery
 k - an uncursed ring of protection from magic
 w - a +4 ring of evasion (right hand)
 z - a +4 ring of protection
 E - an uncursed ring of protection from magic
 O - a ring of flight (left hand)
 R - the ring "Midgh" {rElec rF+ Slay-6 Stlth+}
   (You found it on level 3 of the Swamp)

   [ring of stealth]

   It affects your accuracy and damage with ranged weapons and melee attacks
   (-6).
   It protects you from fire.
   It insulates you from electricity.
   It makes you more stealthy.
 X - an uncursed ring of protection from cold
 Y - an uncursed ring of resist corrosion
Wands
 c - a wand of random effects (18)
 C - a wand of flame (66)
 F - a wand of paralysis (33)
 H - a wand of acid (13)
 N - a wand of digging (1)
 U - a wand of iceblast (26)
Scrolls
 e - 9 scrolls of teleportation
 h - 2 scrolls of enchant weapon
 j - 8 scrolls of noise
 l - 4 scrolls of fear
 r - 11 scrolls of remove curse
 s - 3 scrolls of enchant armour
 x - 3 scrolls of amnesia
 y - 4 scrolls of identify
 J - 2 scrolls of holy word
 K - a scroll of magic mapping
 W - 2 scrolls of fog
Potions
 f - 4 potions of resistance
 i - 7 potions of brilliance
 n - a potion of heal wounds
 o - 3 potions of cancellation
 p - 3 potions of curing
 q - 2 potions of invisibility
 A - 3 potions of berserk rage
 D - 5 potions of mutation
 G - a potion of flight
 M - a potion of haste
 P - a potion of magic
Miscellaneous
 V - a condenser vane


   Skills:
 * Level 15.4 Fighting
 * Level 17.4 Axes
 + Level 13.6 Armour
 - Level 17.7 Shields


You had 15 spell levels left.
You didn't know any spells.
Your spell library contained the following spells:

 Spells                   Type           Power        Failure   Level
 Foxfire                  Conj/Fire      #...         75%         1
 Magic Dart               Conj           #...         75%         1
 Summon Small Mammal      Summ           #...         75%         1
 Blink                    Tloc           N/A          87%         2
 Call Imp                 Summ           #.......     87%         2
 Poisonous Vapours        Pois/Air       #.....       87%         2
 Slow                     Hex            #.......     87%         2
 Call Canine Familiar     Summ           #.......     98%         3
 Confusing Touch          Hex            #.......     98%         3
 Conjure Flame            Conj/Fire      #.......     98%         3
 Gell's Gravitas          Tloc           #.........   98%         3
 Inner Flame              Hex/Fire       #.......     98%         3
 Lesser Beckoning         Tloc           #.........   98%         3
 Mephitic Cloud           Conj/Pois/Air  #.......     98%         3
 Summon Guardian Golem    Hex/Summ       #.......     98%         3
 Teleport Other           Tloc           #.......     98%         3
 Passage of Golubria      Tloc           N/A          100%        4
 Petrify                  Tmut/Erth      #.......     100%        4
 Sticky Flame             Conj/Fire      #.......     100%        4
 Summon Ice Beast         Ice/Summ       #.......     100%        4
 Summon Lightning Spire   Summ/Air       #.......     100%        4
 Fireball                 Conj/Fire      #.........   100%        5
 Metabolic Englaciation   Hex/Ice        #.........   100%        5
 Yara's Violent Unravell  Hex/Tmut       #.........   100%        5
 Freezing Cloud           Conj/Ice/Air   #.........   100%        6


Dungeon Overview and Level Annotations

Branches:
Dungeon (13/15)            Temple (0/1) D:7            Lair (6/6) D:8
  Swamp (4/4) Lair:2        Snake (0/4) Lair:4        Slime (0/5) Lair:5
    Orc (2/2) D:9             Elf (0/3) Orc:2        Vaults (0/5) D:13
Volcano (visited)

Altars:
Ashenzari
Dithmenos
Makhleb
Okawaru
Qazlal
Ru
Uskayaw
Vehumet
Yredelemnul
Zin
The Shining One
Jiyva

Shops:
D:5 [(   D:8 *   D:9 ?   Orc:2 ?[!:*

Portals:
Pandemonium: Orc:2

Annotations:
D:9 3 runed translucent doors, Fastnbulbous's ghost, novice DrTm


Innate Abilities, Weirdness & Mutations

You are resistant to damage.
You can heal yourself by infusing magical energy.
You resist negative energy. (rN+)
You passively map the area around you.
You do not regenerate.


Message History

The eleionoma is healed.
You slice the eleionoma!!
The eleionoma is moderately wounded.
You block the eleionoma's attack.
You closely miss the eleionoma.
The eleionoma is moderately wounded.
You slash the eleionoma!
The eleionoma is heavily wounded.
You block the eleionoma's attack.
You barely miss the eleionoma.
The eleionoma is heavily wounded.
You slash the eleionoma!
The eleionoma is severely wounded.
The eleionoma touches a tree and draws upon its vitality.
The eleionoma is healed.
You slice the eleionoma!!
The eleionoma is moderately wounded.
The eleionoma hurls a spray of splinters at you.
The spray of wooden splinters hits you!!!
You die...

≈≈♣♣ ♣♣..≈≈.♣♣ ≈≈♣
♣♣.≈≈..♣♣♣ ..♣
♣..≈≈≈...♣♣ ..♣
♣♣.≈≈≈.≈≈..♣ ..♣♣
♣.§.≈♣..≈..♣♣ ...♣
♣.♣≈.≈≈♣≈♣..♣♣
..♣♣♣♣.≈≈≈≈♣♣♣♣♣≈≈♣♣♣
..♣ ♣..≈≈.≈♣ ♣♣.R.♣.♣
.♣♣ ♣.≈≈≈≈♣♣ ♣§≈@...♣
.♣♣♣♣..≈†..♣ ♣.≈≈.≈≈♣
..♣♣.≈≈≈..♣♣♣♣≈†>†♣≈♣
...♣♣.♣..♣♣♣♣.≈..♣♣♣♣
..≈.♣...♣♣♣♣....♣♣
...♣♣≈..♣ ♣.♣..♣♣
..≈≈≈≈≈♣♣ ♣♣.≈♣♣
..[.≈≈≈♣ ♣♣≈♣♣
#.♣♣≈.≈♣ ♣≈≈♣


You could see an eleionoma.

Vanquished Creatures
  Roxanne (Swamp:2)
  A fenstrider witch (Swamp:3)
  A very ugly thing (D:9)
  3 bunyips (Swamp:2)
  3 eleionomae
  Snorg (Lair:4)
  A vault guard (D:13)
  3 catoblepae
  14 hydras
  Erica (D:10)
  5 boulder beetles
  7 alligators
  3 centaur warriors
  5 two-headed ogres
  A death knight (D:13)
  A ghost crab (Swamp:2)
  7 orc high priests
  6 death yaks (Lair:4)
  Sonja (Lair:2)
  4 goliath frogs
  Nergalle (Orc:1)
  A soul eater (Orc:2)
  5 skeletal warriors
  An unseen horror (D:10)
  A spriggan druid (Swamp:2)
  An infernal demonspawn (Orc:2)
  A torturous demonspawn (Orc:2)
  A gelid demonspawn (Orc:2)
  5 bog bodies
  5 swamp dragons
  8 orc knights
  2 wizards (D:13)
  A lindwurm (Lair:6)
  2 necromancers
  A phantasmal warrior (D:13)
  A deep elf mage (D:12)
  6 orc sorcerers
  3 manticores
  4 cyclopes
  7 ugly things
  4 elephants (Lair:5)
  Joseph (D:7)
  5 black mambas
  A rust devil (Orc:2)
  4 gargoyles
  11 cane toads
  11 komodo dragons
  Maggie (D:7)
  5 rime drakes
  A hellwing (Orc:2)
  2 freezing wraiths (D:13)
  An ice devil (Orc:2)
  8 trolls
  5 tyrant leeches
  A polar bear (Lair:6)
  A bloated husk (Swamp:4)
  A harpy skeleton (Volcano)
  10 hornets
  2 dream sheep (Lair:6)
  A meliai zombie (D:8)
  3 flying skulls (Volcano)
  60 yaks
  A shadow (D:12)
  9 spriggans
  4 wyverns
  An alligator skeleton (Volcano)
  20 humans (D:13)
  A wraith (D:13)
  A water elemental (D:13)
  5 basilisks
  A chaos spawn (Orc:2)
  10 vampire mosquitoes
  Edmund (D:5)
  A steam dragon (Lair:6)
  14 swamp worms
  2 acid dragons
  2 wargs (Orc:2)
  21 water moccasins
  Duvessa (D:7)
  3 black bears
  5 ice beasts
  37 orc warriors
  A sky beast (D:8)
  An eye of draining (D:12)
  4 phantoms
  2 elephant zombies (Lair:5)
  18 ogres
  10 wolves (Lair:6)
  9 centaurs
  2 big kobolds
  Blork the orc (D:6)
  32 bullfrogs
  Dowan (D:7)
  4 scorpions
  11 killer bees
  6 wights
  6 electric eels
  A troll skeleton (Volcano)
  2 howler monkeys
  2 centaur zombies
  3 quasits
  2 basilisk zombies (Lair:5)
  6 centaur skeletons
  9 hounds
  2 jellies
  26 orc priests
  3 bullfrog skeletons
  25 orc wizards
  4 iguanas
  12 worker ants
  11 hell rats
  2 naga skeletons (Volcano)
  A hound zombie (D:5)
  A worker ant zombie (D:8)
  A howler monkey zombie (D:7)
  A howler monkey skeleton (D:8)
  19 adders
  5 river rats (Lair:2)
  2 shadow imps (D:7)
  4 white imps
  4 ufetubi
  An ooze (D:5)
  4 adder skeletons
  3 worms
  4 dart slugs
  6 leopard geckos
  89 orcs
  A ball python (D:1)
  4 giant cockroaches
  15 goblins
  11 hobgoblins
  7 jackals
  8 quokkas
  11 bats
  6 frilled lizards
  16 kobolds
  A leopard gecko zombie (D:5)
  10 rats
  15 briar patches (Swamp:3)
873 creatures vanquished.

Vanquished Creatures (others)
  A bunyip (Swamp:4)
  A hydra (Swamp:4)
  A will-o-the-wisp (Swamp:4)
  3 bloated husks
  3 briar patches (Swamp:3)
  A foxfire (Swamp:4)
  33 fungi
  36 plants
79 creatures vanquished.

Grand Total: 952 creatures vanquished

Notes
Turn   | Place    | Note
-------+----------+-------------------------------------------
     0 | D:1      | gainzmaster the Deep Dwarf Fighter began the quest for the
                  | Orb.
     0 | D:1      | Reached XP level 1. HP: 20/20 MP: 1/1
   125 | D:1      | Reached XP level 2. HP: 22/27 MP: 2/2
   311 | D:1      | Reached XP level 3. HP: 24/33 MP: 3/3
   934 | D:2      | Reached XP level 4. HP: 27/42 MP: 4/4
  1230 | D:3      | Noticed a bullfrog
  1242 | D:3      | Killed a bullfrog
  1242 | D:3      | Reached XP level 5. HP: 14/49 MP: 5/5
  1821 | D:3      | Noticed a phantom
  1853 | D:3      | Killed a phantom
  1853 | D:3      | Reached skill level 5 in Axes
  1853 | D:3      | Reached XP level 6. HP: 23/57 MP: 6/6
  2092 | D:3      | Found a burning altar of Makhleb.
  2095 | D:3      | Found a glowing silver altar of Zin.
  2095 | D:3      | Noticed a green death
  2095 | D:3      | Noticed an angel
  2264 | D:3      | Became a worshipper of Makhleb the Destroyer
  2554 | D:4      | Reached skill level 5 in Armour
  2774 | D:4      | Reached XP level 7. HP: 38/64 MP: 7/7
  2926 | D:5      | Entered Level 5 of the Dungeon
  2955 | D:5      | Noticed a yak
  2955 | D:5      | Noticed a yak
  2961 | D:5      | Noticed a yak
  2972 | D:5      | Killed a yak
  2984 | D:5      | Killed a yak
  2998 | D:5      | Killed a yak
  2998 | D:5      | Reached XP level 8. HP: 6/73 MP: 8/8
  3089 | D:5      | Found Olebits's Antique Armour Shop.
  3230 | D:5      | Found Toanez's Weapon Boutique.
  3252 | D:5      | Reached * piety under Makhleb
  3275 | D:5      | Found a broken altar of Ashenzari.
  3276 | D:5      | Found a basalt altar of Yredelemnul.
  3276 | D:5      | Found a hide-covered altar of Uskayaw.
  3276 | D:5      | Found a sacrificial altar of Ru.
  3276 | D:5      | Found a shadowy altar of Dithmenos.
  3276 | D:5      | Found an iron altar of Okawaru.
  3277 | D:5      | Found a radiant altar of Vehumet.
  3435 | D:5      | Noticed Edmund
  3446 | D:5      | Reached skill level 5 in Fighting
  3465 | D:5      | Killed Edmund
  3465 | D:5      | Reached skill level 5 in Shields
  4180 | D:6      | Got a crystal hand axe
  4181 | D:6      | Identified the +10 hand axe "Virchor" {vorpal, rF++ rC+
                  | Str+5} (You found it on level 6 of the Dungeon)
  4323 | D:6      | Noticed Blork the orc
  4342 | D:6      | Killed Blork the orc
  4434 | D:6      | Found a glowing golden altar of the Shining One.
  4496 | D:6      | Gained mutation: You passively map the area around you.
                  | [Deep Dwarf growth]
  4496 | D:6      | Reached XP level 9. HP: 47/82 MP: 8/8
  4542 | D:6      | Reached ** piety under Makhleb
  4778 | D:7      | Noticed Joseph
  4794 | D:7      | Killed Joseph
  4794 | D:7      | Reached skill level 10 in Axes
  4877 | D:7      | Found a staircase to the Ecumenical Temple.
  4945 | D:7      | Noticed Maggie
  4952 | D:7      | Killed Maggie
  5124 | D:7      | Noticed Dowan
  5129 | D:7      | Noticed Duvessa
  5144 | D:7      | Killed Duvessa
  5162 | D:7      | Killed Dowan
  5310 | D:8      | Reached *** piety under Makhleb
  5312 | D:8      | Reached XP level 10. HP: 72/94 MP: 9/9
  5349 | D:8      | Found Bopla's General Store.
  5520 | D:8      | Found a staircase to the Lair.
  5778 | D:9      | Found a staircase to the Orcish Mines.
  5827 | D:9      | Found a runed translucent gate.
  5827 | D:9      | Found a runed translucent gate.
  5828 | D:9      | Noticed a brown ugly thing
  5828 | D:9      | Noticed a white ugly thing
  5828 | D:9      | Noticed a cyan very ugly thing
  5829 | D:9      | Found a runed translucent gate.
  5829 | D:9      | Noticed a red ugly thing
  5829 | D:9      | Noticed a cyan ugly thing
  5830 | D:9      | Noticed a purple ugly thing
  6041 | D:9      | Found an iron altar of Okawaru.
  6192 | D:9      | Noticed a five-headed hydra
  6631 | D:9      | Got a masterwork scale mail
  6642 | D:9      | Identified the cursed +1 scale mail of Sandy Lucidity
                  | {*Drain rF++ Str+2 Dex+2} (You found it on level 9 of the
                  | Dungeon)
  6696 | D:9      | Reached **** piety under Makhleb
  6846 | D:9      | Killed a five-headed hydra
  6878 | D:9      | Found Kengoam's Magic Scroll Emporium.
  6883 | D:9      | Bought a scroll of identify for 20 gold pieces
  6883 | D:9      | Bought a scroll of identify for 20 gold pieces
  6883 | D:9      | Bought a scroll of enchant armour for 75 gold pieces
  6883 | D:9      | Bought a scroll of identify for 20 gold pieces
  6883 | D:9      | Bought a scroll of enchant weapon for 75 gold pieces
  6887 | D:9      | Identified a scroll of acquirement
  6888 | D:9      | Acquired 827 gold pieces
  7092 | D:5      | Bought a crude plate armour for 812 gold pieces
  7092 | D:5      | Bought a helmet for 130 gold pieces
  7097 | D:5      | Identified the +8 plate armour "Foalepp" {Harm} (You bought
                  | it in a shop on level 5 of the Dungeon)
  7213 | D:10     | Entered Level 10 of the Dungeon
  7222 | D:10     | Noticed a two-headed ogre
  7235 | D:10     | Killed a two-headed ogre
  7235 | D:10     | Reached XP level 11. HP: 58/104 MP: 10/10
  7758 | D:10     | Noticed Erica
  7767 | D:10     | Killed Erica
  7820 | D:10     | Killed an unseen horror
  8061 | Lair:1   | Entered Level 1 of the Lair of Beasts
  8632 | Lair:1   | Noticed a four-headed hydra
  8646 | Lair:1   | Killed a four-headed hydra
  8646 | Lair:1   | Reached skill level 10 in Fighting
  8881 | Lair:2   | Reached ***** piety under Makhleb
  8941 | Lair:2   | Reached XP level 12. HP: 117/117 MP: 11/11
  8976 | Lair:2   | Noticed an eight-headed hydra
  8991 | Lair:2   | Killed an eight-headed hydra
  8998 | Lair:2   | Noticed a four-headed hydra
  9029 | Lair:2   | Killed a four-headed hydra
  9072 | Lair:2   | Found a dark tunnel.
  9081 | Volcano  | Entered a volcano
  9146 | Volcano  | Reached skill level 15 in Axes
  9513 | Lair:2   | Found a staircase to the Swamp.
 10102 | Lair:2   | Noticed Sonja
 10114 | Lair:2   | Killed Sonja
 10427 | Lair:3   | Noticed a catoblepas
 10447 | Lair:3   | Killed a catoblepas
 10534 | Lair:3   | Noticed an eight-headed hydra
 10552 | Lair:3   | Killed an eight-headed hydra
 10624 | Lair:3   | Reached XP level 13. HP: 65/129 MP: 12/12
 11139 | Lair:4   | Noticed Snorg
 11150 | Lair:4   | Killed Snorg
 11180 | Lair:4   | Found a stormy altar of Qazlal.
 11188 | Lair:4   | Found a staircase to the Snake Pit.
 11275 | Lair:4   | Reached skill level 10 in Armour
 11348 | Lair:4   | Acquired a manual of Shields
 12030 | Lair:5   | Found a viscous altar of Jiyva.
 12031 | Lair:5   | Found a staircase to the Slime Pits.
 12155 | Lair:5   | Reached skill level 10 in Shields
 12857 | Lair:6   | Entered Level 6 of the Lair of Beasts
 12903 | Lair:6   | Reached ****** piety under Makhleb
 12939 | Lair:6   | Got a jewelled cloak
 12940 | Lair:6   | Identified the cursed -1 cloak of Vlad {MR+ MP+9 Str-2}
                  | (You found it on level 6 of the Lair of Beasts)
 13171 | Lair:6   | Gained mutation: You resist negative energy. (rN+) [Deep
                  | Dwarf growth]
 13171 | Lair:6   | Reached XP level 14. HP: 139/139 MP: 13/13
 14768 | D:9      | Killed a green very ugly thing
 14816 | D:9      | Found a runed translucent gate.
 14816 | D:9      | Found a runed translucent gate.
 14819 | D:9      | Noticed Fastnbulbous's ghost (novice DrTm)
 14820 | D:9      | Found a runed translucent gate.
 15342 | D:12     | Acquired 977 gold pieces
 15923 | D:13     | Reached skill level 15 in Shields
 16021 | D:13     | Reached XP level 15. HP: 116/148 MP: 14/14
 16950 | D:13     | Found a gate to the Vaults.
 16973 | D:13     | Got a pair of brightly glowing gloves
 16974 | D:13     | Identified the cursed +0 pair of gloves of Ceaq {Rampage
                  | rElec rN++} (You found it on level 13 of the Dungeon)
 17114 | Orc:1    | Entered Level 1 of the Orcish Mines
 17201 | Orc:2    | Entered Level 2 of the Orcish Mines
 17341 | Orc:2    | Found Idyno's Distillery.
 17462 | Orc:2    | Found Zegehuw's Magic Scroll Shop.
 17470 | Orc:2    | Bought 2 scrolls of enchant armour for 180 gold pieces
 17470 | Orc:2    | Bought a scroll of enchant armour for 90 gold pieces
 17694 | Orc:2    | Found a staircase to the Elven Halls.
 17870 | Orc:2    | Found Veqet's General Store.
 18277 | Orc:2    | Found Fyloan's Book Shoppe.
 18277 | Orc:2    | Found Fif Ezab's Antique Armour Emporium.
 18277 | Orc:2    | Found a one-way gate leading to the halls of Pandemonium.
 18798 | Orc:1    | Noticed Nergalle
 18811 | Orc:1    | Killed Nergalle
 19227 | Swamp:1  | Entered Level 1 of the Swamp
 19462 | Swamp:1  | Reached XP level 16. HP: 160/160 MP: 14/14
 19482 | Swamp:1  | You fall into a shaft and drop 1 floor!
 19697 | Swamp:2  | Noticed Roxanne
 19724 | Swamp:2  | Killed Roxanne
 20066 | Swamp:2  | Reached skill level 15 in Fighting
 20379 | Swamp:3  | Found a transporter.
 20458 | Swamp:3  | Found a transporter.
 20825 | Swamp:3  | Got a faintly humming cloak
 20830 | Swamp:3  | Identified the cursed -3 cloak of Osih {rF+ Int+2 Dex+3}
                  | (You found it on level 3 of the Swamp)
 20837 | Swamp:3  | Got a faintly glowing marble ring
 20838 | Swamp:3  | Identified the ring "Midgh" {rElec rF+ Slay-6 Stlth+} (You
                  | found it on level 3 of the Swamp)
 20852 | Swamp:4  | Entered Level 4 of the Swamp
 20858 | Swamp:4  | HP: 3/163 [acid (6)]
 20920 | Swamp:3  | HP: 5/163 [something (13)]
 20920 | Swamp:3  | HP: 2/163 [poison]
 21030 | Swamp:3  | Killed from afar by an eleionoma

Illustrated notes

Levels and vault maps discovered:
D:1:      sevenhm_arrival_forest_fort_large_3, layout_basic
D:2:      layout_loops_ring
D:3:      kennysheep_the_goblin_king, layout_basic,
          grunt_temple_overflow_order_and_chaos_2, serial_glass,
          glass_columns_a, glass_columns_b, feat_on_display
D:4:      layout_loops_ring
D:5:      layout_loops_ring, grunt_temple_overflow_open, serial_shops, shop,
          shop, serial_bayou_pond_a, uniq_edmund
D:6:      layout_loops_corners, lemuel_coloured_pillars_altar,
          kennysheep_decorative_pillar, kennysheep_generic_room_2,
          uniq_blork_the_orc
D:7:      layout_rooms, minmay_temple_entry_grid, uniq_duvessa, uniq_maggie,
          uniq_joseph
D:8:      layout_basic, lair_entry_dummy, serial_shops, shop
D:9:      minmay_the_grid_octo_2x2 [minmay_the_grid_octo_chip,
          minmay_the_grid_octo_fat_diamond,
          minmay_the_grid_octo_vomiting_pacman,
          minmay_the_grid_octo_prize_big_c], layout_loops_cross,
          ploomutoo_gammafunk_ghost_potion_laboratory, serial_shops,
          kennysheep_little_box
D:10:     layout_basic, uniq_erica
D:11:     layout_rooms
D:12:     layout_basic
D:13:     layout_basic, grunt_vaults_entry_tiered
Lair:1:   layout_gridlike, serial_bayou_pond_e, beast_lair_carwin_1
Lair:2:   layout_concentric_octagons, nicolae_swamp_entry_splash_gauntlet,
          nicolae_volcano_entry_lava_flow, minmay_hedge_maze,
          kennysheep_abandoned_house, uniq_sonja
Lair:3:   layout_roguey, grunt_megastairs_4
Lair:4:   layout_roguey, minmay_snake_entry_six_corridors, basic_altar,
          uniq_snorg
Lair:5:   pond_and_an_island_with_a_cottage, layout_concentric_octagons,
          slime_altar_1, cheibrodos_lair_caveside_slide, serial_bayou_pond_c,
          chequers_serial_rivers_small_b, lemuel_fruit_tree,
          infiniplex_staircase_pool_2
Lair:6:   guppyfry_lair_end_dragon, layout_small_grid, hangedman_lair_in_review,
          st_stairs_3
Swamp:1:  layout_falls_marsh, nicolae_swamp_fairy_circle, swamp_pool1
Swamp:2:  layout_basic_swamp, evilmike_swamp_ruin_rubble_1, swamp_pool3,
          uniq_roxanne
Swamp:3:  gammafunk_worm_tunnel, layout_falls_marsh,
          evilmike_swamp_ruin_rubble_2
Swamp:4:  swamp, layout_basic_swamp
Orc:1:    layout_diamond_mine, guppyfry_orc_lava_fort, uniq_nergalle
Orc:2:    pf_orc_diabolical, layout_diamond_mine, serial_shops, shop_fountains,
          special_room

Skill      XL: |  1  2  3  4  5  6  7  8  9 10 11 12 13 14 15 16 |
---------------+-------------------------------------------------+-----
Axes           | 3 4 5 6 7 8 11 12 14 15 16 17 | 17.4
Fighting       | 3 4 5 7 8 10 12 13 14 15 | 15.4
Armour         | 4 5 6 8 9 11 13 | 13.6
Shields        | 4 5 6 11 15 17 | 17.7

Action                   |  1- 3 |  4- 6 |  7- 9 | 10-12 | 13-15 | 16-18 || total
-------------------------+-------+-------+-------+-------+-------+-------++-------
Melee: War axe           |   131 |   195 |   193 |       |       |       ||   519
       Hand axe          |       |       |   136 |   561 |  1596 |   325 ||  2618
       Morningstar       |       |       |       |   104 |    84 |    12 ||   200
 Abil: Heal Wounds       |       |     2 |     5 |     2 |     3 |    16 ||    28
       Evoke Flight      |       |       |       |       |       |     1 ||     1
Evoke: Wand              |       |       |       |     5 |     5 |     2 ||    12
       Condenser vane    |       |       |       |       |     1 |       ||     1
  Use: Scroll            |       |     7 |     3 |    13 |    20 |     9 ||    52
       Potion            |       |       |     3 |     2 |     4 |    13 ||    22
 Stab: Petrified         |       |       |       |       |     5 |       ||     5
       Confused          |       |       |       |       |     2 |       ||     2
Armor: Scale mail        |    60 |    91 |    88 |   201 |    22 |       ||   462
       Chain mail        |       |       |       |       |   512 |   254 ||   766
       Swamp dragon scal |       |       |       |       |    19 |       ||    19
Dodge: Dodged            |    35 |    55 |    95 |   191 |   461 |   161 ||   998
Block: Kite shield       |    77 |   102 |   138 |   300 |   825 |   334 ||  1776

Table legend: (Time is in decaauts)
 A = Elapsed time spent in this place.
 B = Non-inter-level travel time spent in this place.
 C = Inter-level travel time spent in this place.
 D = Time resting spent in this place.
 E = Time spent auto-exploring this place.
 F = Levels seen in this place.
 G = Mean time per level.
                   A        B        C        D        E       F      G
               +--------+--------+--------+--------+--------+-----+--------+
         Total |  20478 |  18323 |   2155 |      6 |  12197 |  26 |  787.6 |
       Dungeon |  11638 |  10013 |   1625 |      6 |   6946 |  13 |  895.2 |
          Lair |   5040 |   4701 |    339 |      0 |   3356 |   6 |  840.0 |
         Swamp |   1665 |   1591 |     74 |      0 |    695 |   4 |  416.2 |
  Orcish Mines |   1807 |   1691 |    116 |      0 |   1040 |   2 |  903.5 |
       Volcano |    326 |    326 |      0 |      0 |    159 |   1 |  326.0 |
               +--------+--------+--------+--------+--------+-----+--------+

Top non-repeatable levels by time:
     D:9: 1335 daAuts
  Lair:2: 1289 daAuts
     D:3: 1231 daAuts
    D:13: 1182 daAuts
     D:6: 1171 daAuts
   Orc:2: 1072 daAuts
    D:10: 961 daAuts
     D:5: 950 daAuts
  Lair:5: 872 daAuts
    D:11: 844 daAuts
    D:12: 819 daAuts
  Lair:4: 814 daAuts
 Swamp:3: 793 daAuts
  Lair:3: 780 daAuts
     D:8: 735 daAuts
